 Dungeon Crawl Stone Soup version 0.23-a0-641-g0a7f1ce553 (webtiles) character file.

359 HereIgoKillingAgain the Cleaver (level 6, -15/51 HPs)
             Began as a Minotaur Fighter on Dec 29, 2018.
             Demolished by Duvessa
             ... wielding a +4 short sword of electrocution
              (16 damage)
             ... on level 3 of the Dungeon.
             The game lasted 00:02:58 (2890 turns).

HereIgoKillingAgain the Cleaver (Minotaur Fighter)  Turns: 2890, Time: 00:02:59

Health: -15/51     AC: 12    Str: 26    XL:     6   Next: 37%
Magic:  5/5        EV:  9    Int:  7    God:
Gold:   183        SH: 10    Dex: 14    Spells: 5/5 levels left

rFire    . . .     SeeInvis .   a - +0 war axe
rCold    . . .     Gourm    +   c - +0 shield
rNeg     . . .     Faith    .   g - +0 plate armour
rPois    .         Spirit   .   (helmet restricted)
rElec    .         Reflect  .   (no cloak)
rCorr    .         Harm     .   i - +0 pair of gloves
MR       .....                  (no boots)
Stlth    ..........             n - amulet of the gourmand
HPRegen  0.17/turn              (no ring)
MPRegen  0.09/turn              (no ring)

@: mighty, agile
A: retaliatory headbutt, horns 2
a: no special abilities


You were on level 3 of the Dungeon.
You were very hungry.

You visited 1 branch of the dungeon, and saw 4 of its levels.

You collected 183 gold pieces.

Inventory:

Hand Weapons
 a - a +0 war axe (weapon)
Armour
 b - a +0 scale mail
 c - a +0 shield (worn)
 g - a +0 plate armour (worn)
 i - a +0 pair of gloves (worn)
Jewellery
 k - an uncursed amulet of the acrobat
 n - an amulet of the gourmand (around neck)
Scrolls
 e - 2 scrolls of teleportation {unknown}
 h - a scroll of fog {unknown}
 j - 2 scrolls of identify {unknown}
 l - a scroll of amnesia {unknown}
 m - a scroll of enchant armour {unknown}
Potions
 d - a potion of might
 o - 2 potions of degeneration {unknown}
 p - a potion of agility
 q - a potion of resistance {unknown}
 r - a potion of curing {unknown}
Comestibles
 f - 4 rations


   Skills:
 - Level 3.6 Fighting
 + Level 8.3 Axes
 - Level 3.6 Armour
 - Level 3.6 Shields


You had 5 spell levels left.
You didn't know any spells.
Your spell library contained the following spells:

 Spells                   Type           Power        Failure   Level  Hunger
 Corona                   Hex            #......      100%        1    ##.....
 Ensorcelled Hibernation  Hex/Ice        #.....       100%        2    ###....
 Confuse                  Hex            #.......     100%        3    ####...
 Dazzling Spray           Conj/Hex       #.....       100%        3    ####...
 Tukima's Dance           Hex            #.......     100%        3    ####...


Dungeon Overview and Level Annotations

Branches:
Dungeon (4/15)
 Temple: D:4-7

Altars:
Nemelex Xobeh

Annotations:
D:3 Duvessa


Innate Abilities, Weirdness & Mutations

You reflexively headbutt those who attack you in melee.
You have a pair of horns on your head.


Message History

* * * LOW HITPOINT WARNING * * *
Unknown command.
You hit Duvessa.
Duvessa is lightly wounded.
Your shield and plate armour prevent you from hitting the orc.
You block the orc's attack.
Duvessa hits you with a +4 short sword of electrocution!
* * * LOW HITPOINT WARNING * * *
You block the orc's attack.
Press: ? - help, v - describe, . - travel
Here: Duvessa, wielding a +4 short sword of electrocution and wearing a +0 ring The floor.
You aren't carrying any items that you can evoke.
You aren't carrying any items that you can evoke.
It was a potion of agility.
You feel agile all of a sudden.
Duvessa hits you with a +4 short sword of electrocution.
* * * LOW HITPOINT WARNING * * *
You are electrocuted!
You die...

.#
#......#..#.(.....#.........
.#
#......#<.#.#####.##########
.# ###+#.......#
#.#......... ##
###.#..###..# #.#.#######.
######...#..###..##
#.#.#.......
##.......#..##....#
#.#.#.####..
##.)...†)#####....#
#.#.#....#..
##....##)#.....e.###
#.#.####.#..
##....##.#(##..o@..#
#.#.........
##....##.#.##.######
#.######)##.
##....##.#.##.#...#
#...........
.'....#.......#.#.#
########.###
.#....#.(#.####.#.# #.#
.#....#..#........# #.#
.#....#..######.### #.#
.##'###.........#
#######.### ....#
#.#...)...# #<.........


You could see Duvessa (berserk) and an orc.

Vanquished Creatures
  An ogre (D:3)
  Dowan (D:4)
  2 orc wizards (D:3)
  An orc priest (D:3)
  A centaur skeleton (D:4)
  Jessica (D:3)
  An adder (D:3)
  A worm (D:3)
  A dart slug (D:1)
  A leopard gecko (D:2)
  13 orcs
  5 bats
  A giant cockroach (D:1)
  4 goblins
  6 hobgoblins
  4 jackals (D:3)
  3 quokkas (D:3)
  A ball python (D:1)
  2 frilled lizards
  7 kobolds
  6 rats
63 creatures vanquished.

Notes
Turn   | Place    | Note
-------+----------+-------------------------------------------
     0 | D:1      | HereIgoKillingAgain the Minotaur Fighter began the quest
                  | for the Orb.
     0 | D:1      | Reached XP level 1. HP: 19/19 MP: 0/0
   158 | D:1      | Reached skill level 3 in Axes
   259 | D:1      | Reached XP level 2. HP: 26/26 MP: 1/1
   359 | D:1      | Found a sparkling altar of Nemelex Xobeh.
   706 | D:1      | Reached skill level 4 in Axes
  1737 | D:3      | Reached XP level 3. HP: 27/31 MP: 2/2
  1771 | D:3      | Reached skill level 5 in Axes
  1794 | D:3      | Reached XP level 4. HP: 30/39 MP: 3/3
  2107 | D:3      | Noticed Jessica
  2108 | D:3      | Killed Jessica
  2108 | D:3      | Reached skill level 6 in Axes
  2211 | D:3      | Reached XP level 5. HP: 45/45 MP: 4/4
  2550 | D:4      | Noticed Duvessa
  2550 | D:4      | Noticed Dowan
  2551 | D:4      | Noticed an ogre
  2563 | D:3      | Reached skill level 7 in Axes
  2722 | D:3      | Killed an ogre
  2722 | D:3      | Reached XP level 6. HP: 28/51 MP: 5/5
  2873 | D:4      | Killed Dowan
  2873 | D:4      | Reached skill level 8 in Axes
  2890 | D:3      | HP: 1/51 [Duvessa/+4 short sword of electrocution (3)]
  2890 | D:3      | Demolished by Duvessa

Vault maps used:
D:1:      psy_arrival_spokes, nemelex_xobeh_ov_fountains_minmay
D:2:      first_ration
D:3:      kennysheep_jessica_study
D:4:      uniq_duvessa

Skill      XL: |  1  2  3  4  5  6 |
---------------+-------------------+-----
Axes           | 3 4 5 6 7 8 |  8.3
Fighting       | |  3.6
Armour         | |  3.6
Shields        | |  3.6

Action                   |  1- 3 |  4- 6 || total
-------------------------+-------+-------++-------
Melee: War axe           |    80 |    91 ||   171
       Headbutt          |    13 |    22 ||    35
  Use: Potion            |       |     2 ||     2
  Eat: Ration            |     1 |       ||     1
       Chunk             |       |     2 ||     2
Armor: Scale mail        |     6 |       ||     6
       Plate armour      |    22 |    60 ||    82
Dodge: Dodged            |    15 |    16 ||    31
Block: Shield            |    37 |    49 ||    86

Table legend:
 A = Non-vault XP
 B = Vault XP
 C = Vault XP percentage of total XP
 D = Non-vault monster count
 E = Vault monster count
 F = Vault count percentage of total count
                 A         B        C        D         E       F
            +---------+---------+-------+---------+---------+-------
      Total |     406 |     108 |  21.0 |      60 |       3 |   4.8
            +---------+---------+-------+---------+---------+-------
        D:1 |      30 |       0 |   0.0 |      19 |       0 |   0.0
        D:2 |       8 |       0 |   0.0 |       4 |       0 |   0.0
        D:3 |     326 |      39 |  10.7 |      35 |       2 |   5.4
        D:4 |      42 |      69 |  62.2 |       2 |       1 |  33.3
            +---------+---------+-------+---------+---------+-------
